 Dungeon Crawl Stone Soup version 0.28-a0-1447-ga5a8893891 (webtiles) character file.

Game seed: 6678180540620314889

138 HallandMoats the Skirmisher (level 5, -7/47 HPs)
             Began as a Ghoul Monk on Jan 12, 2022.
             Was a Priest of Qazlal.
             Mangled by an ogre (22 damage)
             ... on level 4 of the Dungeon.
             The game lasted 00:05:37 (3205 turns).

HallandMoats the Skirmisher (Ghoul Monk)            Turns: 3205, Time: 00:05:38

Health: -7/47      AC: 12    Str: 17    XL:     5   Next: 21%
Magic:  0/5        EV:  1    Int:  5    God:    Qazlal [***...]
Gold:   104        SH:  3    Dex: 11    Spells: 4/4 levels left

rFire   + . .      SeeInvis .   a - +0 mace
rCold   + + .      Faith    .   (no shield)
rNeg    + + +      Spirit   +   j - +0 gold dragon scales
rPois   ∞          Reflect  .   (no helmet)
rElec   .          Harm     .   (no cloak)
rCorr   .          Rampage  .   (no gloves)
Will    .....                   (no boots)
Stlth   ..........              l - amulet of guardian spirit
HPRegen 0.00/turn               (no ring)
MPRegen 0.09/turn               (no ring)

@: inhibited regen
A: claws 1, cold resistance 1, negative energy resistance 3, inhibited
regeneration, torment resistance 2
a: Renounce Religion, Upheaval, Elemental Force


You were on level 4 of the Dungeon.
You worshipped Qazlal.
Qazlal was most pleased with you.
You visited 1 branch of the dungeon, and saw 4 of its levels.

You collected 104 gold pieces.

Inventory:

Hand Weapons
 a - a +0 mace (weapon)
Missiles
 f - 6 poisoned darts (quivered)
Armour
 j - +0 gold dragon scales (worn)
Jewellery
 k - an amulet of reflection
 l - an amulet of guardian spirit (around neck)
Scrolls
 b - a scroll of noise {unknown}
 d - a scroll of teleportation {unknown}
 e - a scroll of immolation {unknown}
 h - a scroll of enchant armour {unknown}
Potions
 c - a potion of curing
 g - a potion of flight


   Skills:
 * Level 4.3 Fighting
 * Level 3.5 Maces & Flails
 + Level 1.3 Armour
 + Level 3.1 Dodging
 - Level 2.1 Stealth
 * Level 1.6 Invocations


You had 4 spell levels left.
You didn't know any spells.
Your spell library contained the following spells:

 Spells                   Type           Power      Damage    Failure   Level
 Magic Dart               Conj           0%         1d3       100%        1
 Blink                    Tloc           0%         N/A       100%        2
 Call Imp                 Summ           0%         N/A       100%        2
 Ignite Poison            Fire/Tmut/Pois 0%         N/A       100%        3
 Lesser Beckoning         Tloc           0%         N/A       100%        3
 Mephitic Cloud           Conj/Pois/Air  0%         N/A       100%        3
 Freezing Cloud           Conj/Ice/Air   0%         6-21      100%        5
 Manifold Assault         Tloc           0%         N/A       100%        5


Dungeon Overview and Level Annotations

Branches:
Dungeon (4/15)
 Temple: D:4-7

Altars:
Qazlal

Shops:
D:2 :   D:4 (

Annotations:
D:3 3 runed translucent doors, riojii's ghost, amateur HOWn


Innate Abilities, Weirdness & Mutations

You thrive by killing the living.
You are immune to poison.
You have sharp fingernails.
Your flesh is cold resistant. (rC+)
You are immune to negative energy. (rN+++)
You do not regenerate when monsters are visible.
You are immune to unholy pain and torment.


Message History

Aim: an ogre, wielding a +0 giant spiked club (73% to hit)
You throw a poisoned dart. The poisoned dart hits the ogre.
Throw: 11 darts (poison)
Press: ? - help, Q - select action, (/) - cycle Shift-Dir - straight line, f/p - ogre
Aim: an ogre, wielding a +0 giant spiked club (73% to hit)
You throw a poisoned dart. The poisoned dart hits the ogre.
The ogre is poisoned.
The ogre hits you with a +0 giant spiked club.
Throw: 10 darts (poison)
Press: ? - help, Q - select action, (/) - cycle Shift-Dir - straight line, f/p - ogre
Aim: an ogre, wielding a +0 giant spiked club (lightly wounded, poisoned, 73% to hit)
You throw a poisoned dart. The poisoned dart hits the ogre.
The ogre looks even sicker.
The ogre is lightly wounded.
The ogre hits you with a +0 giant spiked club!!
* * * LOW HITPOINT WARNING * * *
Throw: 9 darts (poison)
Press: ? - help, Q - select action, (/) - cycle Shift-Dir - straight line, f/p - ogre
Aim: an ogre, wielding a +0 giant spiked club (moderately wounded, poisoned, 73% to hit)
You throw a poisoned dart. The poisoned dart hits the ogre.
The ogre looks even sicker.
The ogre is moderately wounded.
Throw: 8 darts (poison)
Press: ? - help, Q - select action, (/) - cycle Shift-Dir - straight line, f/p - ogre
Aim: an ogre, wielding a +0 giant spiked club (heavily wounded, very poisoned, 73% to hit)
You throw a poisoned dart. The poisoned dart hits the ogre.
The ogre looks even sicker.
The ogre is heavily wounded.
You see here 2 poisoned darts.
There is a stone staircase leading up here.
You see here a poisoned dart.
The ogre looks more healthy.
Throw: 7 darts (poison)
Press: ? - help, Q - select action, (/) - cycle Shift-Dir - straight line, f/p - ogre
Aim: an ogre, wielding a +0 giant spiked club (heavily wounded, 73% to hit)
You throw a poisoned dart. The poisoned dart hits the ogre.
The ogre is poisoned.
The ogre is heavily wounded.
The ogre hits you with a +0 giant spiked club!!
You die...

.........##.#........#.#
.........##.#......#.#.#
........##.#........#.#
....... #.##.#...###.#
.. ........#.#.#
...######......#.#
..........#....#.#
#.............##.# ##
+......@O........# #.
#.............#########.
##########...........##.
#....######.##. ##...#
#.#.. ......# #.###
........# #....
......#.# #..##
......#.# #..#.


You could see an ogre (poisoned).

Vanquished Creatures
  A jelly (D:4)
  An iguana (D:4)
  2 adders
  A gnoll (D:4)
  2 dart slugs (D:1)
  5 orcs
  3 bats
  7 endoplasms
  3 giant cockroaches (D:1)
  4 goblins
  A hobgoblin (D:1)
  6 kobolds
  A quokka (D:3)
  2 ball pythons
  2 frilled lizards (D:2)
  5 rats
46 creatures vanquished.

Notes
Turn   | Place    | Note
-------+----------+-------------------------------------------
     0 | D:1      | HallandMoats the Ghoul Monk began the quest for the Orb.
     0 | D:1      | Reached XP level 1. HP: 19/19 MP: 0/0
   304 | D:1      | Reached XP level 2. HP: 26/26 MP: 1/1
   947 | D:1      | Reached XP level 3. HP: 33/33 MP: 2/2
  1181 | D:2      | Reached skill level 4 in Fighting
  1286 | D:2      | Found Haiqoi Fast's Book Shop.
  1331 | D:2      | Found a faded altar of an unknown god.
  1349 | D:2      | Prayed at the altar of an unknown god.
  1349 | D:2      | Became a worshipper of Qazlal Stormbringer
  1349 | D:2      | Reached * piety under Qazlal
  1349 | D:2      | Reached ** piety under Qazlal
  1831 | D:3      | Reached skill level 1 in Armour
  1879 | D:3      | Reached XP level 4. HP: 40/40 MP: 3/3
  1901 | D:3      | Reached *** piety under Qazlal
  2067 | D:3      | Noticed a kobold brigand
  2068 | D:3      | Noticed riojii's ghost (amateur HOWn)
  2071 | D:3      | Found a runed translucent gate.
  2071 | D:3      | Found a runed translucent gate.
  2080 | D:3      | Found a runed translucent gate.
  2312 | D:4      | Reached skill level 1 in Invocations
  2523 | D:4      | Reached XP level 5. HP: 29/47 MP: 3/5
  2658 | D:4      | Found Memain's Antique Weapon Boutique.
  2661 | D:4      | Noticed an ogre
  3205 | D:4      | Mangled by an ogre

Illustrated notes

Levels and vault maps discovered:
D:1:      dpeg_arrival_pits, layout_loops_ring
D:2:      layout_loops_ring, ebering_ecumenical_altar_abandoned, serial_shops,
          shop, wander_ebering_terrifying_dragon_lair
D:3:      layout_rooms, gammafunk_ghost_split
D:4:      layout_basic, serial_shops, shop, nicolae_stop_n_shop_1,
          nicolae_shop_crystal, nicolae_shop_trees, uniq_robin, uniq_grinder,
          uniq_crazy_yiuf_cottage

Skill      XL: |  1  2  3  4 |
---------------+-------------+-----
Maces & Flails | 3 |  3.5
Fighting       | 4 |  4.3
Dodging        | 3 |  3.1
Armour         | 1 |  1.3
Invocations    | 1 |  1.6
Stealth        | |  2.1

Action                   |  1- 3 |  4- 6 || total
-------------------------+-------+-------++-------
Melee: Mace              |   101 |    30 ||   131
       Punch             |     1 |     1 ||     2
Throw: Dart              |       |     6 ||     6
  Use: Scroll            |       |     3 ||     3
 Stab: Sleeping          |     4 |       ||     4
Armor: Robe              |     6 |       ||     6
       Leather armour    |    12 |       ||    12
       Gold dragon scale |    10 |    20 ||    30
Dodge: Dodged            |    53 |     1 ||    54
Block: Other             |     3 |    10 ||    13

Table legend: (Time is in decaauts)
 A = Elapsed time spent in this place.
 B = Non-inter-level travel time spent in this place.
 C = Inter-level travel time spent in this place.
 D = Time resting spent in this place.
 E = Time spent auto-exploring this place.
 F = Levels seen in this place.
 G = Mean time per level.
                   A        B        C        D        E       F      G
               +--------+--------+--------+--------+--------+-----+--------+
         Total |   3240 |   3039 |    201 |    209 |   2152 |   4 |  810.0 |
       Dungeon |   3240 |   3039 |    201 |    209 |   2152 |   4 |  810.0 |
               +--------+--------+--------+--------+--------+-----+--------+

Top non-repeatable levels by time:
     D:1: 1050 daAuts
     D:2: 854 daAuts
     D:3: 682 daAuts
     D:4: 653 daAuts
